 Dungeon Sprint DCSS version 0.29-a0-307-gecccbbdb84 (webtiles) character file.

Game seed: 6075580682414133839

246 Conn the Arsonist (level 6, -1/38 HPs)
             Began as an Octopode Fire Elementalist on Mar 27, 2022.
             Succumbed to a water moccasin's poison
             ... in the Dungeon (Sprint II: "The Violet Keep of Menkaure").
             The game lasted 00:02:39 (108 turns).

Conn the Arsonist (Octopode Fire Elementalist)       Turns: 108, Time: 00:02:39

Health: -1/38      AC:  1    Str:  8    XL:     6   Next: 11%
Magic:  1/13       EV: 14    Int: 19    God:
Gold:   486        SH:  0    Dex: 12    Spells: 2/15 levels left

rFire   . . .      SeeInvis .   (no weapon)
rCold   . . .      Faith    .   (no shield)
rNeg    . . .      Spirit   .   (helmet restricted)
rPois   .          Reflect  .   (no amulet)
rElec   .          Harm     .   (no ring)
rCorr   .          Rampage  .   (no ring)
Will    .....      NoTele   +   (no ring)
Stlth   +++++.....              (no ring)
HPRegen 0.12/turn               (no ring)
MPRegen 0.13/turn               (no ring)
                                (no ring)
                                (no ring)

@: lethally poisoned (-1 -> -9)
A: almost no armour, amphibious, 8 rings, camouflage 1, gelatinous body 1,
nimble swimmer 1, tentacles
a: no special abilities


You were in the Dungeon.
You visited 1 branch You collected 486 gold pieces.

Inventory:

Scrolls
 f - a scroll of blinking
Potions
 a - 3 potions of magic


   Skills:
 + Level 1.0 Fighting
 + Level 4.9 Dodging
 + Level 6.0 Stealth
 + Level 0.7 Unarmed Combat
 + Level 5.2 Spellcasting
 * Level 2.0 Conjurations
 + Level 9.3 Fire Magic


You had 2 spell levels left.
You knew the following spells:

 Your Spells              Type           Power      Damage    Failure   Level
a - Foxfire               Conj/Fire      100%       2x1d9     1%          1
b - Conjure Flame         Conj/Fire      26%        6-21      3%          3
c - Inner Flame           Hex/Fire       22%        N/A       5%          3
d - Flame Wave            Conj/Fire      26%        2d7       12%         4
e - Scorch                Fire           80%        2d9       1%          2

Your spell library contained the following spells:

 Spells                   Type           Power      Damage    Failure   Level


Dungeon Overview and Level Annotations

Branches:
Dungeon (1/1)

Altars:

Shops:
D ((!?:=?[=[

Annotations:
D exclusion: orange crystal statue


Innate Abilities, Weirdness & Mutations

You cannot wear most types of armour.
You are amphibious.
You can wear up to eight rings at the same time.
Your skin changes colour to match your surroundings (Stealth+).
Your rubbery body absorbs attacks. (AC +1, EV +1)
You are camouflaged when in or above water. (Stealth+)
You have tentacles for arms and can constrict up to eight enemies at once.


Message History

Found Lufirchu's Distillery.
A water moccasin comes into view.
Found 81 gold pieces.
Found Fauzok's Antique Weapon Shop and Ilemm's Weapon Boutique.
Casting: Foxfire (safe; 1% risk of failure)
Confirm with . or Enter, or press ? or * to list all spells.
You conjure some foxfire!
Unknown command.
The foxfire hits the water moccasin!
The water moccasin is severely wounded.
The water moccasin is engulfed in a cloud of scalding steam.
The foxfire hits the water moccasin.
The water moccasin is almost dead.
You tentacle-slap the water moccasin but do no damage.
Your grab misses the water moccasin. Your squeeze misses the water moccasin.
The water moccasin is almost dead.
The water moccasin bites you.
You are poisoned.
The water moccasin poisons you!
Unknown command.
You miss the water moccasin. Your grab misses the water moccasin.
The water moccasin is almost dead.
You feel very sick. The water moccasin closely misses you.
The water moccasin bites you.
* * * LOW HITPOINT WARNING * * *
Unknown command.
You miss the water moccasin. You grab the water moccasin.
You squeeze the water moccasin, but do no damage.
The water moccasin is almost dead.
You constrict the water moccasin.
* * * LOW HITPOINT WARNING * * *
You feel sick. The water moccasin bites you.
* * * LOW HITPOINT WARNING * * *
Okay, then.
Okay, then.
You barely miss the water moccasin.
The water moccasin is almost dead.
You constrict the water moccasin.
You kill the water moccasin!
You die...

.∩.∩..#≈≈# ##.#.##
∩.∩.∩.#§##. ##'##
...∩.∩#≈#.m.##.##
....∩.+§+ #$+.<.+
.....∩#≈#...##†##
▓▓▓▓###≈##. ##†#
$######≈≈####..###
##≈≈≈#..##.#
#+#@##.#.# ≈
#≈≈##'##≈≈≈≈
##≈≈≈≈≈≈≈≈≈≈§
#+++#+++#≈≈≈ ≈≈≈§
≈≈≈§≈§ ≈≈8≈§≈≈≈
§§≈≈≈§≈##
§§§§§≈≈##


There were no monsters in sight!

Vanquished Creatures
  A water moccasin (D)
  4 scorpions (D)
  3 worms (D)
8 creatures vanquished.

Vanquished Creatures (others)
  23 foxfires (D)
23 creatures vanquished.

Grand Total: 31 creatures vanquished

Notes
Turn   | Place    | Note
-------+----------+-------------------------------------------
     0 | D        | Conn the Octopode Fire Elementalist began the quest for the
                  | Orb.
     0 | D        | Reached XP level 1. HP: 11/11 MP: 3/3
     1 | D        | Noticed a merfolk siren
     4 | D        | Noticed a scorpion
     4 | D        | Noticed a scorpion
     4 | D        | Noticed a scorpion
     4 | D        | Noticed a scorpion
    13 | D        | Killed a scorpion
    14 | D        | Reached skill level 6 in Fire Magic
    14 | D        | Reached XP level 2. HP: 15/18 MP: 0/6
    14 | D        | Reached XP level 3. HP: 19/22 MP: 0/8
    14 | D        | Reached XP level 4. HP: 23/27 MP: 0/9
    15 | D        | Killed a scorpion
    16 | D        | Reached skill level 5 in Stealth
    16 | D        | Reached skill level 7 in Fire Magic
    16 | D        | Reached XP level 5. HP: 23/32 MP: 0/11
    19 | D        | Reached skill level 8 in Fire Magic
    35 | D        | Reached skill level 1 in Fighting
    35 | D        | Reached skill level 5 in Spellcasting
    35 | D        | Reached skill level 9 in Fire Magic
    35 | D        | Reached XP level 6. HP: 18/38 MP: 1/13
    50 | D        | Learned a level 3 spell: Conjure Flame
    54 | D        | Learned a level 3 spell: Inner Flame
    59 | D        | Learned a level 4 spell: Flame Wave
    62 | D        | Learned a level 2 spell: Scorch
    82 | D        | Noticed an orange crystal statue
    86 | D        | Found Ateafaxt's Antique Armour Shop.
    89 | D        | Found Zicwof's Jewellery Boutique.
    90 | D        | Found Hioghil's Antique Armour Boutique.
    90 | D        | Found Guoguc's Jewellery Shop.
    90 | D        | Found Lewe's Magic Scroll Shop.
    91 | D        | Found Tilif's Magic Scroll Boutique.
    91 | D        | Found Wayso's Book Boutique.
    96 | D        | Found Lufirchu's Distillery.
    97 | D        | Found Fauzok's Antique Weapon Shop.
    97 | D        | Found Ilemm's Weapon Boutique.
    97 | D        | Noticed a water moccasin
   107 | D        | HP: 1/38 [water moccasin (6)]
   108 | D        | Killed a water moccasin
   108 | D        | Succumbed to a water moccasin's poison

Illustrated notes

Levels and vault maps discovered:
D:        the_violet_keep_of_menkaure [sprint2_stairs_cluster_1,
          sprint2_shoproom, sprint2_temple, sprint2_basic_supplies,
          sprint2_obstacle_4, sprint2_obstacle_1, sprint2_obstacle_5,
          sprint2_obstacle_3, sprint2_obstacle_7, sprint2_timed_cluster_1,
          sprint2_smallroom_cluster_1, sprint2_smallroom_final_cluster_1,
          sprint2_transparent_cluster_1, sprint2_second_timed_cluster_1,
          sprint2_sniper_area_1, sprint2_heavy_combat_area_1,
          sprint2_mutation_trap_area_1, sprint2_forest_area_1,
          sprint2_light_combat_area_1, sprint2_behind_water_1,
          sprint2_near_end_vault_1]

Skill      XL: |  1  2  3  4  5 |
---------------+----------------+-----
Dodging        | 3 4 |  4.9
Stealth        | 4 5 6 |  6.0
Spellcasting   | 3 4 5 |  5.2
Fire Magic     | 6 7 9 |  9.3
Fighting       | 1 |  1.0
Conjurations   | 2 |  2.0
Unarmed Combat | |  0.7

Action                   |  1- 3 |  4- 6 || total
-------------------------+-------+-------++-------
Melee: Unarmed           |     1 |    18 ||    19
       Tentacles         |     1 |     6 ||     7
       Constrict         |     1 |     5 ||     6
       Punch             |       |     1 ||     1
 Cast: Foxfire           |     3 |    11 ||    14
  Use: Potion            |     3 |     1 ||     4
Armor: Skin              |       |     1 ||     1
Dodge: Dodged            |     2 |    12 ||    14

Table legend: (Time is in decaauts)
 A = Elapsed time spent in this place.
 B = Non-inter-level travel time spent in this place.
 C = Inter-level travel time spent in this place.
 D = Time resting spent in this place.
 E = Time spent auto-exploring this place.
 F = Levels seen in this place.
 G = Mean time per level.
                   A        B        C        D        E       F      G
               +--------+--------+--------+--------+--------+-----+--------+
         Total |    102 |    102 |      0 |      2 |      0 |   1 |  102.0 |
       Dungeon |    102 |    102 |      0 |      2 |      0 |   1 |  102.0 |
               +--------+--------+--------+--------+--------+-----+--------+

Top non-repeatable levels by time:
       D: 102 daAuts
